 Dungeon Crawl Stone Soup version 0.28-a0-1616-g050a50673c (webtiles) character file.

Game seed: 8805891519835252887

81 Shayle the Sneak (level 4, 0/33 HPs)
             Began as a Djinni Warper on Jan 22, 2022.
             Slain by a goblin (3 damage)
             ... led by Robin
             ... on level 3 of the Dungeon.
             The game lasted 00:06:29 (2634 turns).

Shayle the Sneak (Djinni Warper)                    Turns: 2634, Time: 00:06:30

Health: 0/33       AC:  5    Str: 10    XL:     4   Next: 67%
Gold:   45         EV: 11    Int: 17    God:
                   SH:  0    Dex: 12

rFire   + + .      SeeInvis .   d - +2 dagger (elec)
rCold   x . .      Faith    .   (no shield)
rNeg    . . .      Spirit   .   a - +0 leather armour
rPois   ∞          Reflect  .   h - +1 helmet
rElec   .          Harm     .   (no cloak)
rCorr   .          Rampage  .   (no gloves)
Will    .....                   (boots unavailable)
Stlth   ++........              (no amulet)
HPRegen 0.11/turn               (no ring)
MPRegen 0.00/turn               (no ring)

@: brilliant, flying
A: sickness immunity, fire resistance 2, cold vulnerability 1, float, innate
caster, hp casting, extra vitality 1
a: no special abilities


You were on level 3 of the Dungeon.
You visited 1 branch of the dungeon, and saw 3 of its levels.

You collected 45 gold pieces.

Inventory:

Hand Weapons
 d - a +2 dagger of electrocution (weapon)
Missiles
 c - 5 boomerangs of dispersal (quivered)
Armour
 a - a +0 leather armour (worn)
 h - a +1 helmet (worn)
Scrolls
 b - a scroll of blinking
 j - a scroll of fear {unknown}
Potions
 e - a potion of heal wounds {unknown}
 f - a potion of haste {unknown}
 i - a potion of degeneration {unknown}


   Skills:
 - Level 2.0 Fighting
 - Level 0.7 Throwing
 - Level 1.0 Armour
 - Level 2.1 Dodging
 + Level 3.5 Stealth
 - Level 2.0 Unarmed Combat
 - Level 2.4 Spellcasting


You couldn't memorise any spells.
You knew the following spells:

 Your Spells              Type           Power      Damage    Failure   Level
a - Blink                 Tloc           30%        N/A       14%         2
b - Lesser Beckoning      Tloc           15%        N/A       28%         3
c - Gell's Gravitas       Tloc           15%        N/A       28%         3
d - Teleport Other        Tloc           15%        N/A       28%         3
e - Manifold Assault      Tloc           15%        N/A       95%         5
f - Sting                 Tmut/Pois      60%        1d6       10%         1
Your spell library was empty.

Dungeon Overview and Level Annotations

Branches:
Dungeon (3/15)

Altars:

Annotations:
D:3 Grinder, Robin, Terence


Innate Abilities, Weirdness & Mutations

You are immune to sickness and miasma.
You are immune to poison.
Your flesh is very heat resistant. (rF++)
You are vulnerable to cold. (rC-)
You float through the air rather than walking.
You learn spells naturally, not from books.
Your magical power is your life essence.
You have superior vitality. (+4 MHP)


Message History

2 goblins and a hobgoblin come into view.
The goblin shouts!
You hear a shout!
The goblin hits you with a +0 club. Robin throws the goblin at you!
The goblin hits you but does no damage.
You see here a +0 club.
You barely miss the goblin. The goblin barely misses you. x2
Terence the Incautious comes into view.
He is wielding a +0 hand axe.
You hit the goblin.
The goblin is heavily wounded.
The goblin hits you with a +0 club. The goblin barely misses you.
You hit the goblin.
You kill the goblin!
The goblin hits you with a +0 club. Terence says, "Did you write a will?
You should..."
Robin throws the goblin at you!
You closely miss the goblin.
A rat comes into view.
The goblin hits you with a +0 club. The goblin hits you with a +0 dagger.
You hit the goblin.
The goblin is moderately wounded.
The goblin misses you. The goblin closely misses you.
You closely miss the goblin.
The goblin is moderately wounded.
The goblin hits you with a +0 club. The goblin hits you with a +0 dagger.
* * * LOW HITPOINT WARNING * * *
Grinder comes into view.
She is carrying a wand of digging (2).
You closely miss the goblin.
The goblin is moderately wounded.
The goblin hits you with a +0 club.
* * * LOW HITPOINT WARNING * * *
The goblin misses you.
Grinder zaps a wand.
Some rock shatters into small pieces.
Robin throws the goblin at you!
A goblin comes into view. It is wielding a +0 club.
A hobgoblin comes into view.
It was a potion of brilliance.
You feel clever all of a sudden.
The goblin no longer looks unusually strong.
The hobgoblin no longer looks unusually strong.
The goblin hits you with a +0 club.
You die...

.r5.
#..#
#g@.
#gg#
#g.#
#..#
#gg#
#@g#
#g##
#.#
#.#
#.#
#<#
###


You could see Grinder, Terence, Robin, 2 hobgoblins, 5 goblins and a rat.

Vanquished Creatures
  Jessica (D:2)
  A dart slug (D:2)
  5 bats
  3 endoplasms
  2 giant cockroaches
  6 goblins
  10 hobgoblins
  3 kobolds
  2 quokkas (D:2)
  5 ball pythons
  2 frilled lizards
  7 rats
47 creatures vanquished.

Notes
Turn   | Place    | Note
-------+----------+-------------------------------------------
     0 | D:1      | Shayle the Djinni Warper began the quest for the Orb.
     0 | D:1      | Reached XP level 1. HP: 18/18 MP: 0/0
   148 | D:1      | Reached skill level 1 in Stealth
   179 | D:1      | Reached XP level 2. HP: 21/23 MP: 0/0
   479 | D:1      | Reached skill level 2 in Stealth
   646 | D:1      | Reached XP level 3. HP: 25/28 MP: 0/0
   646 | D:1      | Learned a level 1 spell: Sting
  1480 | D:2      | Noticed Jessica
  1504 | D:2      | Killed Jessica
  1505 | D:2      | Reached skill level 3 in Stealth
  1505 | D:2      | Reached XP level 4. HP: 5/33 MP: 0/0
  2021 | D:2      | Found a faded altar of an unknown god.
  2622 | D:3      | Noticed Robin
  2627 | D:3      | Noticed Terence
  2632 | D:3      | Noticed Grinder
  2634 | D:3      | Slain by a goblin

Illustrated notes

Levels and vault maps discovered:
D:1:      noname_arrival_rooms_in_the_neighbourhood, layout_basic,
          minmay_door_square, minmay_unequal
D:2:      layout_basic, shapermc_ecumenical_altar_pompeii, chequers_jeans,
          uniq_jessica
D:3:      layout_basic, mainiacjoe_overflow_cross_hatched, uniq_grinder,
          uniq_robin, uniq_terence, uniq_crazy_yiuf_cottage

Skill      XL: |  1  2  3 |
---------------+----------+-----
Stealth        | 1 2 3 |  3.5
Fighting       | |  2.0
Throwing       | |  0.7
Armour         | |  1.0
Dodging        | |  2.1
Unarmed Combat | |  2.0
Spellcasting   | |  2.4

Action                   |  1- 3 |  4- 6 || total
-------------------------+-------+-------++-------
Melee: Unarmed           |    91 |       ||    91
       Punch             |     2 |     1 ||     3
       Dagger            |       |    60 ||    60
 Cast: Sting             |    14 |       ||    14
       Blink             |     1 |       ||     1
  Use: Scroll            |     4 |       ||     4
       Potion            |       |     1 ||     1
 Stab: Sleeping          |     2 |     1 ||     3
Armor: Leather armour    |    29 |    13 ||    42
Dodge: Dodged            |    62 |    45 ||   107

Table legend: (Time is in decaauts)
 A = Elapsed time spent in this place.
 B = Non-inter-level travel time spent in this place.
 C = Inter-level travel time spent in this place.
 D = Time resting spent in this place.
 E = Time spent auto-exploring this place.
 F = Levels seen in this place.
 G = Mean time per level.
                   A        B        C        D        E       F      G
               +--------+--------+--------+--------+--------+-----+--------+
         Total |   2629 |   2587 |     42 |    395 |   1608 |   3 |  876.3 |
       Dungeon |   2629 |   2587 |     42 |    395 |   1608 |   3 |  876.3 |
               +--------+--------+--------+--------+--------+-----+--------+

Top non-repeatable levels by time:
     D:1: 1388 daAuts
     D:2: 1226 daAuts
     D:3: 14 daAuts
